 Dungeon Crawl Stone Soup version 0.21.0-3-g78d12a8bdd (webtiles) character file.

471 Principatus the Sneak (level 6, -5/41 HPs)
             Began as a Vampire Enchanter on Jan 13, 2018.
             Killed by divine providence
             ... invoked by an orc priest
              (10 damage)
             ... on level 4 of the Dungeon.
             The game lasted 00:13:55 (5015 turns).

Principatus the Sneak (Vampire Enchanter)           Turns: 5015, Time: 00:13:56

Health: -5/41      AC:  6    Str:  9    XL:     6   Next: 83%
Magic:  0/9        EV: 12    Int: 17    God:
Gold:   161        SH:  0    Dex: 15    Spells: 0/9 levels left

rFire    . . .     SeeInvis +   q - +1 dagger (freeze)
rCold    . . .     Gourm    .   (no shield)
rNeg     + . .     Faith    .   g - +0 leather armour
rPois    .         Spirit   .   h - +1 hat
rElec    .         Reflect  .   a - +0 cloak
rCorr    .         Harm     .   s - +0 pair of gloves
MR       .....                  (no boots)
Stlth    ++++......             (no amulet)
HPRegen  0.13/turn              (no ring)
MPRegen  0.11/turn              (no ring)

@: no status effects
A: fangs 3, see invisible, unbreathing
a: Bat Form


You were on level 4 of the Dungeon.
You were not thirsty.

You visited 1 branch of the dungeon, and saw 4 of its levels.

You collected 161 gold pieces.

Inventory:

Hand Weapons
 q - a +1 dagger of freezing (weapon)
Missiles
 k - 78 stones
 n - 7 tomahawks (quivered)
Armour
 a - a +0 cloak (worn)
 b - a +0 robe
 g - a +0 leather armour (worn)
 h - a +1 hat (worn)
 s - a +0 pair of gloves (worn)
Scrolls
 f - 3 scrolls of remove curse {unknown}
 i - 2 scrolls of identify {unknown}
 j - 2 scrolls of teleportation {unknown}
 o - a scroll of amnesia {unknown}
 p - a scroll of immolation {unknown}
 r - 2 scrolls of fog {unknown}
Potions
 d - 9 potions of blood
 e - 4 potions of curing {unknown}
 l - a potion of agility {unknown}
 m - a potion of brilliance {unknown}
Books
 c - a book of Maledictions

   Spells                             Type                      Level
   a - Corona                         Hexes                        1
   b - Ensorcelled Hibernation        Hexes/Ice                    2
   c - Confuse                        Hexes                        3
   d - Tukima's Dance                 Hexes                        3
   e - Dazzling Spray                 Conjuration/Hexes            3


   Skills:
 + Level 4.5 Short Blades
 - Level 2.2 Dodging
 + Level 7.8 Stealth
 - Level 2.0 Spellcasting
 + Level 7.3 Hexes


You couldn't memorise any spells.
You knew the following spells:

 Your Spells              Type           Power        Failure   Level  Hunger
a - Corona                Hex            ####...      1%          1    #......
b - Ensorcelled Hibernat  Hex/Ice        ##....       9%          2    ###....
c - Tukima's Dance        Hex            ####....     4%          3    ###....
d - Confuse               Hex            ####....     4%          3    ###....


Dungeon Overview and Level Annotations

Branches:
Dungeon (4/15)
 Temple: D:4-7

Altars:
Gozag


Innate Abilities, Weirdness & Mutations

You have razor-sharp teeth.
You have supernaturally acute eyesight. (SInv)
You can survive without breathing.


Message History

You hit the orc priest but do no damage.
The orc priest invokes the aid of Beogh against you.
Pain shoots through your body!
You closely miss the orc priest. The orc priest closely misses you.
You hit the orc priest but do no damage.
You bite the orc priest, but do no damage.
You hit the orc priest. You freeze the orc priest.
The orc priest is moderately wounded.
The orc priest hits you but does no damage.
Casting: Ensorcelled Hibernation
Confirm with . or Enter, or press ? or * to list all spells.
Aiming: Ensorcelled Hibernation
Press: ? - help, Shift-Dir - straight line, f/p - orc priest
Aim: an orc priest, wielding a whip and wearing a leather armour (moderately wounded, chance to defeat MR: 45%)
The orc priest resists with some effort.
The orc priest hits you with a whip!
* * * LOW HITPOINT WARNING * * *
The orc priest calls down the wrath of Beogh upon you.
Beogh smites you!
You die...

# #......## #
##.......##
###..
#...###.>.##
#....# ##.)##
##...#####....#
#..<#
#.....#.....#
.>..##
##.........#
....
#.........#
....
##....)...#
##.. ##...@...#
#.. ##..!...#
#.. ##...o.#
#.. #.)....#
##.....#
.......#
#..###..# ..##
..# #.# ..#


You could see an orc priest.

Vanquished Creatures
  Eustachio (D:4)
  A scorpion (D:4)
  A hound (D:4)
  3 orc wizards
  A hound skeleton (D:4)
  5 gnolls (D:3)
  3 adders (D:3)
  An ooze (D:3)
  An adder skeleton (D:4)
  4 dart slugs
  11 orcs
  2 ball pythons
  6 bats
  2 giant cockroaches
  6 goblins
  2 hobgoblins (D:1)
  2 jackals (D:1)
  A quokka (D:4)
  2 frilled lizards (D:1)
  4 kobolds
  6 rats
65 creatures vanquished.

Notes
Turn   | Place    | Note
-------+----------+-------------------------------------------
     0 | D:1      | Principatus the Vampire Enchanter began the quest for the Orb.
     0 | D:1      | Reached XP level 1. HP: 13/13 MP: 3/3
   460 | D:1      | Reached XP level 2. HP: 13/19 MP: 5/5
   959 | D:1      | Learned a level 2 spell: Ensorcelled Hibernation
   985 | D:1      | Reached skill level 5 in Stealth
  1330 | D:1      | Reached skill level 5 in Hexes
  1330 | D:1      | Reached XP level 3. HP: 24/24 MP: 0/6
  1819 | D:2      | You fall through a shaft for 2 floors!
  1819 | D:4      | Noticed Eustachio
  1823 | D:4      | Killed Eustachio
  1823 | D:4      | Reached XP level 4. HP: 20/30 MP: 2/7
  1823 | D:4      | Reached XP level 5. HP: 23/35 MP: 2/8
  2922 | D:3      | Reached XP level 6. HP: 36/41 MP: 1/9
  4490 | D:4      | Learned a level 3 spell: Tukima's Dance
  4494 | D:4      | Learned a level 3 spell: Confuse
  4499 | D:4      | Found an opulent altar of Gozag.
  5015 | D:4      | Killed from afar by an orc priest

Skill      XL: |  1  2  3  4  5  6 |
---------------+-------------------+-----
Stealth        | 5 6 7 |  7.8
Short Blades   | 2 3 4 |  4.5
Hexes          | 5 6 7 |  7.3
Dodging        | |  2.2
Spellcasting   | |  2.0

Action                   |  1- 3 |  4- 6 || total
-------------------------+-------+-------++-------
Melee: Dagger            |    86 |    81 ||   167
       Bite              |     5 |     2 ||     7
Throw: Tomahawk          |       |     2 ||     2
 Cast: Ensorcelled Hiber |     9 |    44 ||    53
       Corona            |     1 |       ||     1
  Use: Potion            |     4 |    11 ||    15
 Stab: Sleeping          |    20 |    28 ||    48
Armor: Leather armour    |    20 |    18 ||    38
Dodge: Dodged            |    40 |    30 ||    70
